Cogmind - Beta 9.4 @@@ ROGUE MODE // 2020.03.08 @ 14:16:08 Player: BlackCaro Result: Destroyed by G-34 Mercenary with Small Laser Performance ------------- Evolutions (0) 0 Regions Visited (2) 400 Robots Destroyed (28) 140 Value Destroyed (260) 260 Prototype IDs (0) 0 Alien Tech Used (0) 0 Bonus (0) 0 TOTAL SCORE: 800 Bonus ------- None Cogmind --------- Core Integrity 0/250 Matter 205/300 Energy 160/160 System Corruption 0% Temperature Cool (54) Movement Rolling (90) Location -10/Mines Parts ------- > --- POWER (1) -------- Light Nuclear Core > --- PROPULSION (2) --- Wheel Compact Wheel > --- UTILITY (2) ------ Small Storage Unit Small Storage Unit > --- WEAPON (2) ------- Light Assault Rifle Shotgun > --- INVENTORY (8) ---- Ion Engine Light Nuclear Core Aluminum Leg Terrain Scanner Rocket Launcher Peak State ------------ > --- POWER ------------ Ion Engine > --- PROPULSION ------- Wheel Wheel > --- UTILITY ---------- Large Storage Unit Targeting Computer > --- WEAPON ----------- Shotgun Shotgun > --- INVENTORY -------- Light Nuclear Core Aluminum Leg Wheel Power Shielding Heavy EM Pulse Gun Assault Rifle Light Assault Rifle Light Assault Rifle Light Assault Rifle Shotgun [Rating: 10] Favorites ----------- Power Ion Engine Engine Ion Engine Power Core Light Nuclear Core Propulsion Wheel Wheel Wheel Utility Targeting Computer Device Sensor Array Storage Large Storage Unit Processor Targeting Computer Weapon Light Assault Rifle Ballistic Gun Light Assault Rifle Launcher Rocket Launcher Build | -11 -10 -10 ------- Run | Scr Mat Min Slots Evolved . | . . . Power . | . . . Propulsion . | . . . Utility . | . . . Weapon . | . . . Parts Attached 21 | 6 5 10 Power 3 | 2 . 1 Engine 2 | 2 . . Core 1 | . . 1 Reactor . | . . . Propulsion 6 | 2 2 2 Treads . | . . . Leg . | . . . Wheel 6 | 2 2 2 Hover . | . . . Flight . | . . . Utility 5 | . 3 2 Device 1 | . 1 . Storage 3 | . 1 2 Processor 1 | . 1 . Hackware . | . . . Protection . | . . . Artifact . | . . . Weapon 7 | 2 . 5 Energy Gun . | . . . Energy Cannon . | . . . Ballistic Gun 6 | 2 . 4 Ballistic Cannon . | . . . Launcher 1 | . . 1 Special Weapon . | . . . Impact Weapon . | . . . Slashing Weapon . | . . . Piercing Weapon . | . . . Special Melee Weapon . | . . . Unidentified Prototypes . | . . . Parts Lost 5 | . 3 2 Power 1 | . . 1 Propulsion 3 | . 2 1 Utility 1 | . 1 . Weapon . | . . . Highest Loss Streak 2 | . 2 2 Average Slot Usage (%) 75 | . 84 56 Engine 10 | . 14 1 Core 2 | . . 7 Wheel 19 | . 21 15 Device 3 | . 5 . Storage 4 | . 4 6 Processor 7 | . 10 1 Ballistic Gun 24 | . 28 17 Launcher 1 | . . 3 Naked Turns 26 | . . 26 Heaviest Build 27 | 8 24 27 Greatest Support 26 | 26 26 26 Greatest Overweight (x) 2 | . 2 1 Average Overweight (x) . | . . . Largest Inventory Capacity 10 | 4 10 10 Average Capacity 5 | 4 5 5 Most Carried 10 | 3 10 10 Average Carried 4 | 1 4 3 Final Capacity 10 | 4 10 8 Final Carried 10 | 3 10 5 Class Distribution -------------------- 94% | Mutant 5% | Scavenger-Mutant Dominant Class ---------------- Mutant | -10/Materials Mutant | -10/Mines Resources | -11 -10 -10 ----------- Run | Scr Mat Min Matter Collected 632 | 260 175 197 Remotely . | . . . Salvage Created 641 | . 484 157 Parts 39 | . 30 9 Haulers Intercepted 1 | . 1 . Recyclers Shooed 4 | . 3 1 Parts Field Recycled . | . . . Retrieved Matter . | . . . Parts Self-Destructed . | . . . Prevented . | . . . Kills | -11 -10 -10 ------- Run | Scr Mat Min Combat Hostiles Destroyed 19 | . 8 11 Guns 10 | . 8 2 AOE 9 | . . 9 Classes Destroyed 7 | . 6 1 Worker 2 | . 2 . Builder 2 | . 1 1 Hauler 1 | . 1 . Recycler 4 | . 3 1 Swarmer 6 | . 6 . Grunt 4 | . 2 2 Assembled 9 | . . 9 Best Kill Streak 11 | . 11 7 Combat Bots Only 7 | . 6 7 Max Kills in Single Turn 3 | . 1 3 Gunslinging . | . . . Exploded 3 | . . 3 Melee . | . . . Uniques/NPCs Destroyed . | . . . Combat | -11 -10 -10 -------- Run | Scr Mat Min Damage Taken 907 | . 287 620 Core 253 | . 60 193 Absorbed by Shields . | . . . Core Remaining (%) 100 | 100 . . Volleys Fired 60 | . 37 23 Largest 2 | . 2 2 Hottest 53 | . 40 53 Shots Fired 117 | . 74 43 Gun 107 | . 74 33 Cannon . | . . . Launcher 10 | . . 10 Special . | . . . Kinetic 107 | . 74 33 Thermal . | . . . Explosive 10 | . . 10 Electromagnetic . | . . . Robot Hit Streak 13 | . 13 5 Robot Miss Streak 7 | . 3 7 Penetration Max . | . . . Secondary Targets 4 | . 4 . Max Gunslinging Chain 1 | . 1 . Shots Hit Robots 76 | . 55 21 Core Hits 48 | . 25 23 Critical Hits . | . . . Critical Kills . | . . . Critical Parts Destroyed . | . . . Melee Attacks . | . . . Impact . | . . . Slashing . | . . . Piercing . | . . . Sneak Attacks . | . . . Combat Hostiles . | . . . Follow-up Attacks . | . . . Damage Inflicted 1531 | . 597 934 Guns 827 | . 597 230 Cannons . | . . . Explosions 704 | . . 704 Melee . | . . . Ramming . | . . . Kinetic 827 | . 597 230 Thermal . | . . . Explosive 704 | . . 704 Electromagnetic . | . . . Impact . | . . . Slashing . | . . . Piercing . | . . . Highest Corruption . | . . . Average Corruption . | . . . Corruption Purged . | . . . Overload Shots . | . . . Overflow Damage 52 | . . 52 Projectiles . | . . . Explosions 52 | . . 52 Melee . | . . . Knockbacks . | . . . Impact . | . . . Kinetic . | . . . Secondary . | . . . Self-Inflicted Damage 35 | . . 35 Shots 1 | . . 1 Rammed . | . . . Targets Rammed . | . . . Kicked . | . . . Crushed . | . . . Highest Temperature 48 | . 9 48 Average Temperature 11 | . 7 12 Received Heat Transfer 299 | . 72 227 Siege Activations . | . . . Robots Corrupted . | . . . Combat Hostiles . | . . . Parts Fried . | . . . Impact Corruptions . | . . . Robots Melted . | . . . Combat Hostiles . | . . . Parts Melted . | . . . Heat Transferred . | . . . Parts Sabotaged . | . . . Parts Stolen . | . . . Parts Stripped . | . . . Power Chain Reactions . | . . . Missiles Intercepted . | . . . Alert | -11 -10 -10 ------- Run | Scr Mat Min Peak Influence 227 | . 227 128 Average Influence 117 | . 143 93 Maximum Alert Level 1 | . 1 . Low Security (%) 72 | 100 57 100 Level 1 27 | . 42 . Level 2 . | . . . Level 3 . | . . . Level 4 . | . . . Level 5 . | . . . High Security . | . . . Max Security . | . . . Squads Dispatched . | . . . Investigation . | . . . Extermination . | . . . Reinforcement . | . . . Assault . | . . . Garrison . | . . . Intercept . | . . . Construction Impeded . | . . . Haulers Reinforced . | . . . Stealth | -11 -10 -10 --------- Run | Scr Mat Min Distress Signals 2 | . 2 . Communications Jammed . | . . . Distress Signals . | . . . Times Spotted 32 | . 13 19 Peak Tracking Total 12 | . 8 12 Tactical Retreats 2 | . 1 1 Traps | -11 -10 -10 ------- Run | Scr Mat Min Traps Triggered . | . . . Indirectly . | . . . Trap Hack Attempts . | . . . Triggered . | . . . Disarmed . | . . . Reprogrammed . | . . . Reused . | . . . Traps Extracted . | . . . Installed . | . . . Triggered . | . . . Machines | -11 -10 -10 ---------- Run | Scr Mat Min Machines Disabled . | . . . Max in Single Turn . | . . . Machines Sabotaged . | . . . Garrisons Compromised . | . . . Overloaded Fab Kills . | . . . Fab Network Shutdowns . | . . . Hacking | -11 -10 -10 --------- Run | Scr Mat Min Machines Accessed 1 | . 1 . Terminals 1 | . 1 . Fabricators . | . . . Repair Stations . | . . . Recycling Units . | . . . Scanalyzers . | . . . Garrison Access . | . . . Total Hacks 4 | . 4 . Successful 2 | . 2 . Failed 2 | . 2 . Catastrophic . | . . . Database Lockouts . | . . . Manual . | . . . Terminals 4 | . 4 . Fabricators . | . . . Repair Stations . | . . . Recycling Units . | . . . Scanalyzers . | . . . Garrison Access . | . . . Terminal Hacks 2 | . 2 . Robot Analysis 2 | . 2 . Fabricator Hacks . | . . . Repair Station Hacks . | . . . Recycling Unit Hacks . | . . . Scanalyzer . | . . . Garrison Access Hacks . | . . . Unauthorized Hacks . | . . . Terminals . | . . . Fabricators . | . . . Repair Stations . | . . . Recycling Units . | . . . Scanalyzers . | . . . Garrison Access . | . . . Data Cores Recovered . | . . . Used . | . . . Hacking Detections . | . . . Full Trace Events . | . . . Feedback Events . | . . . Feedback Blocked . | . . . Robot Schematics Acquired . | . . . Robots Built . | . . . Matter . | . . . Time . | . . . Total Robot Build Rating . | . . . Part Schematics Acquired . | . . . Parts Built . | . . . Matter . | . . . Time . | . . . Total Part Build Rating . | . . . Parts Repaired . | . . . Time . | . . . Parts Recycled . | . . . Recycled Matter . | . . . Retrieved Matter . | . . . Retrieved Components . | . . . Parts Scanalyzed . | . . . Part Schematics Acquired . | . . . Parts Damaged . | . . . Bothacking | -11 -10 -10 ------------ Run | Scr Mat Min Used RIF Installer . | . . . Robots Hacked . | . . . Non-combat . | . . . Combat . | . . . Robot Hacks Applied . | . . . Relay Couplers Released . | . . . Robots Rewired . | . . . Allies Hacked . | . . . Hacks Repelled . | . . . Allies | -11 -10 -10 -------- Run | Scr Mat Min Total Allies . | . . . Largest Group . | . . . Highest-Rated Group . | . . . Highest-Rated Ally . | . . . Total Orders . | . . . Ally Attacks . | . . . Total Damage . | . . . Kills . | . . . Allies Corrupted . | . . . Allies Melted . | . . . Intel | -11 -10 -10 ------- Run | Scr Mat Min Robot Analysis Total 2 | . 2 . Derelict Logs Recovered . | . . . Drone Launches . | . . . Drone Recoveries . | . . . Exploration | -11 -10 -10 ------------- Run | Scr Mat Min Turns Passed 554 | 45 354 155 Spaces Moved 393 | 38 245 110 Core 59 | 2 6 51 Treads . | . . . Legs . | . . . Wheels 334 | 36 239 59 Hover . | . . . Flight . | . . . Fastest Speed 50 | 50 80 50 Average Speed 83 | 88 88 68 Slowest Speed 150 | 100 150 90 Overloaded Moves . | . . . Propulsion Burnouts . | . . . Robots Hopped . | . . . Cave-ins Triggered . | . . . Exploration Rate (%) 31 | 3 56 34 Regions Visited 2 Branch Regions 1 Pre-discovered Areas . | . . . Known Exits Taken . | . . . Unknown Exits Taken 2 | 1 1 . Scrap Searched . | . . . Spaces Dug . | . . . Terrain Destroyed 79 | . . 79 Melee . | . . . Projectile . | . . . AOE 79 | . . 79 Actions | -11 -10 -10 --------- Run | Scr Mat Min Total 506 | 46 313 147 Wait 14 | . 14 . Move 391 | 37 244 110 Hop . | . . . Pick Up 17 | 3 10 4 Fast Attach 14 | 5 5 4 Attach 3 | . . 3 Detach . | . . . Swap 4 | 1 . 3 Drop 3 | . 3 . Fire 60 | . 37 23 Melee . | . . . Ram . | . . . Kick . | . . . Crush . | . . . Escape Stasis . | . . . Rewire . | . . . Trap . | . . . Miscellaneous . | . . . Route ------- -11/Scrapyard -10/Materials (discovered 2 exits: [*Min x2]) -10/Mines History --------- Turn | Location | Event 12 | -11/Scrapyard | Discovered new exit (range 15) 46 | -11/Scrapyard | Entered Materials 222 | -10/Materials | Discovered new exit (range 10) 329 | -10/Materials | Build established: Mutant 350 | -10/Materials | Discovered new exit (range 11) 400 | -10/Materials | Entered Mines 401 | -10/Mines | Assembled infested the area 425 | -10/Mines | Core integrity fell below 50% 425 | -10/Mines | Released all parts (5) 450 | -10/Mines | Received a Rocket Launcher from a helpful Derelict 489 | -10/Mines | Core integrity fell below 20% 491 | -10/Mines | Destroyed 7 combat bots 555 | -10/Mines | Destroyed by G-34 Mercenary with Small Laser Last Messages --------------- 00517_ Acquired 41 matter. 00519_ Acquired 45 matter. 00520_ Acquired Com. Wheel. 00522_ U-05 Engineer builds a Wall. 00523_ Acquired Aluminum Leg. 00526_ Acquired Lgt. Nuclear Core. 00527_ U-05 Engineer lays Concrete. 00529_ The unstable cave ceiling collapses. 00529_ Acquired Sml. Storage Unit. 00529_ U-05 Engineer lays Concrete. 00531_ Acquired Sml. Storage Unit. 00532_ U-05 Engineer lays Concrete. 00534_ Acquired Ion Engine. 00535_ U-05 Engineer lays Concrete. 00538_ The unstable cave ceiling collapses. 00538_ U-05 Engineer destroyed. 00540_ K-01 Serf collects debris. 00541_ Acquired 10 matter. 00543_ Acquired Terrain Scanner. 00544_ K-01 Serf collects debris. Map ----- +----------------------------------------------------+ | ?????????????????????????? ## #??? | | ??????????????????????????##### #?## #??? | | ??????????????????????????????## #??## ##??? | | ???????????????????????????????# ##??## #???? | | ???????????????????????????????# #???## #???? | | ???????????????????????????????####???## ##???? | | ??????????????????????????????????????# ##????? | | ??????????????????????????????????????# ##?????? | | ??????????????????????????????????????## ##?????? | | ???????????????????????????????????????# ##????? | | ?????????????????????????????########### ##???? | | ?????????????????????????????# # # #???? | | ???????????????????????????### # ## #???? | | ???????????????????????????## # ## ##???? | | ??????????????????????????## # ##????? | | ??????????????????????????# ####???? | | ???????????????????????????# #???? | | ??????????????????????????## # ###### | | ??????????????????????????# # | | ??????????????????????????### | | ???????????????????????????## # | | ?????????????????????????### ### # | | ???????????????????????### #### # | | ???????????????????????# # #### ## | | ???????????????????????## ! ###?#####? | | ????????????????????????#@*k #??????? | | ??????????????????????## | # #?????? | | ?????????????????????# g # # #????? | | ?????????????????? g ###### #????? | | ????????????????# ?????#### #????? | | ????????????????## #????????## #????? | | ?????????????????#######??????????# ##????? | | ?????????????????????????????????? ######?????? | | ????????????????????????????????? ##??????????? | | ????????????????????????????????? ##???????????? | | ????????????????????????????????? ###????????????? | | ?????????????????????????????????#???????????????? | | ?????????????????????????????????????????????????? | | ?????????????????????????????????????????????????? | | ?????????????????????????????????????????????????? | | ?????????????????????????????????????????????????? | | ?????????????????????????????????????????????????? | | ?????????????????????????????????????????????????? | | | | | | | | | | | | | | | +----------------------------------------------------+ Best States ------------- Heat Dissipation 25 Energy Generation 14 Energy Capacity 250 Matter Stores 300 Matter Capacity 300 Sight Range 16 Robot Scan Range 10 Terrain Scan Density 10 Evasion (%) 50 Targeting Accuracy 5 Item Schematics ----------------- None Robot Schematics ------------------ None Fabricated ------------ Nothing Alien Tech Used ----------------- None Achievements -------------- None Challenges ------------ None Game ------ Seed FireTransdimensionalBiocell Manual? 0 Play Time 00:17:10 Cumulative 48.3 hours Start 2020.03.08 @ 04:16:02 End 2020.03.08 @ 14:16:08 Sessions 1 Manual Loads 0 Difficulty Rogue Special Mode None Game No. 39 Rogue 39 Adventurer 0 Explorer 0 Win Type - Total 1 Types 1/0/0/0/0/0/0 Lore% 29 Gallery% 48 Achievement% 32 Wizard Run 0 Options --------- ASCII 0 Keyboard 1 Movement Vi Keybinds 0 Fullscreen 1 Font 18/SmallcapsGlow Map View 76x50 Tactical HUD 1 Map Filters NONE Filters NONE Steam 0 RUN: b5888dd2-2ba6-4737-8965-46aa58eca3a7